 Dungeon Crawl Stone Soup version 0.23-b1-59-g586d0d887c (webtiles) character file.

Game seed: 2579815151043311113

277 GordonOverkill the Ruffian (level 6, -7/32 HPs)
             Began as a Vine Stalker Fighter on Feb 5, 2019.
             Was an Initiate of Okawaru.
             Mangled by an ogre
             ... wielding a +0 giant spiked club
              (15 damage)
             ... on level 4 of the Dungeon.
             The game lasted 00:06:49 (2344 turns).

GordonOverkill the Ruffian (Vine Stalker Fighter)   Turns: 2344, Time: 00:06:50

Health: -7/32      AC: 10    Str: 20    XL:     6   Next: 25%
Magic:  0/8        EV:  5    Int:  8    God:    Okawaru [......]
Gold:   111        SH:  9    Dex: 14    Spells: 5/5 levels left

rFire    . . .     SeeInvis .     - Unarmed
rCold    . . .     Gourm    .   b - +0 shield
rNeg     . . .     Faith    .   l - +0 chain mail (curse)
rPois    .         Spirit   +   (no helmet)
rElec    .         Reflect  .   (no cloak)
rCorr    .         Harm     .   (no gloves)
MR       .....                  t - +0 pair of boots
Stlth    ..........             (no amulet)
HPRegen  0.50/turn              (no ring)
MPRegen  0.11/turn              (no ring)

@: no status effects
A: fangs 2, regeneration 1, magic shield, antimagic bite, no potion heal 3, rot
immunity
a: Renounce Religion


You were on level 4 of the Dungeon.
You worshipped Okawaru.
Okawaru was noncommittal.
You were not hungry.

You visited 1 branch of the dungeon, and saw 4 of its levels.

You collected 111 gold pieces.

Inventory:

Missiles
 g - 5 javelins (quivered)
Armour
 b - a +0 shield (worn)
 l - a cursed +0 chain mail (worn)
 t - a +0 pair of boots (worn)
Jewellery
 q - an uncursed ring of protection from magic {unknown}
 s - an uncursed ring of wizardry {unknown}
Scrolls
 j - a scroll of magic mapping {unknown}
 k - 2 scrolls of amnesia {unknown}
 n - a scroll of immolation {unknown}
 o - 3 scrolls of identify {unknown}
 r - 2 scrolls of teleportation {unknown}
 u - a scroll of remove curse {unknown}
 v - 2 scrolls of noise {unknown}
Potions
 a - 2 potions of brilliance {unknown}
 c - 2 potions of might
 e - a potion of flight {unknown}
 f - 3 potions of curing
 i - 2 potions of lignification {unknown}
 m - a potion of heal wounds {unknown}
 p - a potion of ambrosia {unknown}
Comestibles
 d - 6 rations
 h - 9 chunks of flesh


   Skills:
 + Level 3.5 Fighting
 + Level 3.2 Armour
 + Level 3.5 Shields
 * Level 4.1 Unarmed Combat
 + Level 1.4 Invocations


You had 5 spell levels left.
You didn't know any spells.
Your spell library was empty.

Dungeon Overview and Level Annotations

Branches:
Dungeon (4/15)
 Temple: D:4-7

Altars:
Ashenzari
Okawaru
Trog
Wu Jian


Innate Abilities, Weirdness & Mutations

You have extremely sharp teeth.
Your natural rate of healing is unusually fast.
When hurt, damage is shared between your health and your magic reserves.
Your bite disrupts and absorbs the magic of your enemies.
Potions cannot restore your health.
You are immune to rotting.


Message History

You kill the orc!
Okawaru accepts your kill.
The ogre hits you with a +0 giant spiked club.
Items here: )))) ÷÷ † You punch the ogre!
You bite the ogre. You drain its power.
The ogre is moderately wounded.
The ogre hits you with a +0 giant spiked club!!
Ouch! That really hurt!
* * * LOW HITPOINT WARNING * * *
You are too injured to fight recklessly!
You are too injured to fight recklessly!
You are too injured to fight recklessly!
The orc wizard gestures wildly while chanting.
The orc wizard seems to speed up.
The orc wizard casts a spell.
The orc wizard blinks!
There is a stone staircase leading up here.
Okay, then.
The ogre hits you with a +0 giant spiked club!!
You die...

### # ... .##.....
#..########......O.
#.#...............
#.........##....# .
#####......# #....# ..
.......@O.)###..#.##..
...........).........
############.§o#..###
####......##
##....).....#..
#...#..........
.............."..
..............#..
.................


You could see an ogre and an orc wizard.

Vanquished Creatures
  A howler monkey (D:4)
  An orc priest (D:3)
  2 orc wizards (D:3)
  A centaur skeleton (D:4)
  2 adders
  An ooze (D:1)
  2 worms (D:3)
  3 dart slugs
  2 leopard geckos
  14 orcs
  2 giant cockroaches
  5 goblins
  3 hobgoblins
  12 jackals
  7 kobolds
  2 quokkas
  2 ball pythons (D:2)
  5 bats
  3 frilled lizards
  A quokka skeleton (D:4)
  4 rats
75 creatures vanquished.

Notes
Turn   | Place    | Note
-------+----------+-------------------------------------------
     0 | D:1      | GordonOverkill the Vine Stalker Fighter began the quest for
                  | the Orb.
     0 | D:1      | Reached XP level 1. HP: 11/11 MP: 2/2
   161 | D:1      | Reached XP level 2. HP: 16/16 MP: 3/3
   687 | D:1      | Reached XP level 3. HP: 19/19 MP: 4/4
  1145 | D:2      | Reached skill level 3 in Unarmed Combat
  1204 | D:2      | Gained mutation: Your natural rate of healing is unusually
                  | fast. [Vine Stalker growth]
  1204 | D:2      | Reached XP level 4. HP: 23/24 MP: 5/5
  1385 | D:2      | Found a faded altar of an unknown god.
  1479 | D:2      | Found an iron altar of Okawaru.
  1485 | D:2      | Found a shattered altar of Ashenzari.
  1486 | D:2      | Found an ornate altar of the Wu Jian Council.
  1501 | D:2      | Became a worshipper of Warmaster Okawaru
  1688 | D:3      | Reached XP level 5. HP: 18/28 MP: 6/6
  1721 | D:3      | Found a bloodstained altar of Trog.
  1914 | D:3      | Reached skill level 1 in Invocations
  2301 | D:4      | Reached skill level 4 in Unarmed Combat
  2301 | D:4      | Reached XP level 6. HP: 27/32 MP: 6/8
  2344 | D:4      | Mangled by an ogre

Skill      XL: |  1  2  3  4  5 |
---------------+----------------+-----
Shields        | 3 |  3.5
Fighting       | 3 |  3.5
Unarmed Combat | 3 4 |  4.1
Armour         | 3 |  3.2
Invocations    | 1 |  1.4

Action                   |  1- 3 |  4- 6 || total
-------------------------+-------+-------++-------
Melee: Unarmed           |   117 |   143 ||   260
       Bite              |    35 |    46 ||    81
Throw: Javelin           |     3 |       ||     3
  Use: Potion            |       |     2 ||     2
  Eat: Chunk             |     1 |     4 ||     5
Armor: Scale mail        |    17 |       ||    17
       Chain mail        |    19 |    47 ||    66
Dodge: Dodged            |    17 |    19 ||    36
Block: Shield            |    47 |    58 ||   105
